AoeStats
← Malelf

Arabia

507596818Analyzed
1v1 RM · 13d ago on Sep 18, 2026· 44m 49s· 2 players
Game mode
Random Map
Map size
Tiny (2 player)
Population
200
Speed
Normal
Resources
Standard
Victory
Conquest
Starting age
Dark Age
Ending age
Imperial Age
RankedLock teamsTeams togetherTeam positionsShared explorationLock speedFull tech treeHidden civsTurbo modeCheats
Victory
Defeat
🇮🇹 Bulgarians · Italy
1679
+16
🇧🇷 Byzantines · Brazil
1682
-16
Malelf
8:49 Loom
12:23 Feudal Age
13:29 Double-Bit Axe
16:22 Fletching
21:23 Castle Age
19:34 Gold Mining
21:01 Bloodlines
21:33 Scale Barding Armor
21:39 Forging
22:34 Chain Barding Armor
22:51 Wheelbarrow
22:43 Bow Saw
26:03 Town Watch
27:10 Stone Mining
28:34 Pikeman
29:17 Scale Mail Armor
29:03 Horse Collar
30:00 Fervor
30:49 Heavy Plow
32:57 Hand Cart
36:07 Imperial Age
34:25 Chain Mail Armor
34:45 Iron Casting
34:12 Squires
33:58 Gambesons
34:38 Bodkin Arrow
36:42 Husbandry
37:21 Gold Shaft Mining
36:12 Capped Ram
36:15 Halberdier
38:26 Plate Mail Armor
38:46 Crop Rotation
37:45 Siege Ram
39:03 Conscription
40:11 Masonry
41:57 Stone Shaft Mining
42:56 Blast Furnace
41:57 Bracer
42:27 Padded Archer Armor
43:03 Plate Barding Armor
44:28 Siege Engineers
44:53 Architecture
45:25 Chemistry
44:45 Ballistics
45:24 Murder Holes
Fs.ShaDoWn
4:48 Loom
9:22 Feudal Age
10:28 Double-Bit Axe
15:12 Fletching
21:16 Castle Age
22:12 Bow Saw
22:44 Husbandry
22:56 Bodkin Arrow
24:52 Wheelbarrow
24:23 Crossbowman
25:39 Horse Collar
26:47 Scale Barding Armor
30:54 Forging
36:15 Imperial Age
34:11 Heavy Plow
36:25 Iron Casting
38:15 Chain Barding Armor
38:58 Heavy Camel Rider
41:36 Plate Barding Armor
42:48 Bracer
Connection lost

Rejoining the realm…

Still unreachable

The connection could not be restored.

Session expired

The server has moved on; the page needs a fresh start.